Cogmind - Beta 15 @@@ ROGUE MODE // 2025.10.18 @ 08:56:22 Player: AussieBBQ Result: Destroyed by P-60 Hacker with Shock Rifle Performance ------------- Evolutions (3) 1500 Regions Visited (4) 800 Robots Destroyed (34) 170 Value Destroyed (582) 582 Prototype IDs (5) 100 Alien Tech Used (0) 0 Bonus (0) 0 TOTAL SCORE: 3152 Bonus ------- None Cogmind --------- Core Integrity 0/700 Matter 281/300 Energy 100/100 System Corruption 5% Temperature Cool (0) Movement Core (50) Location -7/Factory Parts ------- > --- POWER (1) -------- (None) > --- PROPULSION (5) --- (None) > --- UTILITY (4) ------ (None) > --- WEAPON (3) ------- (None) > --- INVENTORY (5) ---- Light Nuclear Core EM Pulse Gun Minigun Minigun Gauss Rifle Peak State ------------ > --- POWER ------------ Deuterium Engine > --- PROPULSION ------- Advanced Treads Aluminum Leg Aluminum Leg Aluminum Leg Carbon-fiber Leg > --- UTILITY ---------- Cooling System Large Storage Unit Seismic Detector > --- WEAPON ----------- Minigun Minigun Minigun > --- INVENTORY -------- Light Nuclear Core Light Treads Improved Heat Sink Advanced Heat Sink High-capacity Storage Unit EM Pulse Gun Lightning Gun Heavy Particle Cannon Minigun Minigun Gauss Rifle Flail [Rating: 28] Favorites ----------- Power Light Ion Engine Engine Light Ion Engine Propulsion Aluminum Leg Treads Advanced Treads Leg Aluminum Leg Utility Seismic Detector Device Seismic Detector Storage Medium Storage Unit Protection Light Armor Plating Weapon Improved Light Cannon Energy Gun Medium Laser Ballistic Gun Minigun Ballistic Cannon Improved Light Cannon Launcher Heavy Rocket Launcher Impact Weapon Flail Build | -11 -10 -10 -8 -7 ------- Run | Yrd Mat Sub Mat Fac Slots Evolved 6 | . . . 4 2 Power . | . . . . . Propulsion 3 | . . . 2 1 Utility 2 | . . . 2 . Weapon 1 | . . . . 1 Parts Attached 28 | 1 10 . 7 10 Power 3 | . 1 . 1 1 Engine 3 | . 1 . 1 1 Core . | . . . . . Reactor . | . . . . . Propulsion 8 | . 2 . 2 4 Treads 2 | . . . 1 1 Leg 6 | . 2 . 1 3 Wheel . | . . . . . Hover . | . . . . . Flight . | . . . . . Utility 6 | 1 1 . 4 . Device 2 | 1 . . 1 . Storage 3 | . 1 . 2 . Processor . | . . . . . Hackware . | . . . . . Protection 1 | . . . 1 . Artifact . | . . . . . Weapon 11 | . 6 . . 5 Energy Gun 1 | . 1 . . . Energy Cannon . | . . . . . Ballistic Gun 6 | . 2 . . 4 Ballistic Cannon 2 | . 2 . . . Launcher 1 | . . . . 1 Special Weapon . | . . . . . Impact Weapon 1 | . 1 . . . Slashing Weapon . | . . . . . Piercing Weapon . | . . . . . Special Melee Weapon . | . . . . . Unidentified Prototypes . | . . . . . Parts Lost 17 | . 1 . . 16 Power 1 | . 1 . . . Propulsion 9 | . . . . 9 Utility 3 | . . . . 3 Weapon 4 | . . . . 4 Highest Loss Streak 9 | . 1 . . 9 To Critical Strikes . | . . . . . Average Backups 10 | 6 9 10 9 11 Power . | 1 . 1 1 1 Propulsion 2 | 4 3 2 . 2 Utility 1 | . . 2 2 2 Weapon 4 | 1 3 5 5 6 Tool/Special . | . . . . . Unused Backups 20 | 6 4 . . 10 Power 3 | 1 1 . . 1 Propulsion 6 | 2 3 . . 1 Utility 3 | 1 . . . 2 Weapon 8 | 2 . . . 6 Tool/Special . | . . . . . Average Slot Usage (%) 90 | . 99 100 98 79 Engine 9 | . 14 14 9 5 Treads 1 | . . . 2 2 Leg 28 | . 27 28 33 28 Device 13 | . 14 14 16 11 Storage 9 | . 14 14 9 5 Protection 3 | . . . 8 5 Energy Gun 3 | . 7 . . . Ballistic Gun 8 | . 2 28 4 13 Ballistic Cannon 10 | . 16 . 13 4 Peak Build Rating 28 | 7 10 8 17 28 Average Rating 14 | 6 9 8 15 20 On Entrance 9 | 6 7 8 8 17 Naked Turns 180 | . . . . 180 Heaviest Build 44 | 13 22 18 39 44 Greatest Support 55 | 20 20 20 40 55 Greatest Overweight (x) 2 | . 1 . . 2 Average Overweight (x) . | . . . . . Largest Inventory Capacity 20 | 8 10 10 20 15 Average Capacity 11 | 8 9 10 13 12 Most Carried 15 | 7 10 10 11 15 Average Carried 10 | 6 9 10 9 11 Final Capacity 15 | 8 10 10 15 5 Final Carried 11 | 6 10 10 11 5 Class Distribution -------------------- 66% | Mutant 24% | Scavenger-Tank 6% | Tank Dominant Class ---------------- Mutant | -10/Materials Mutant | -10/Subcaves Mutant | -8/Materials Scavenger-Tank | -7/Factory Resources | -11 -10 -10 -8 -7 ----------- Run | Yrd Mat Sub Mat Fac Matter Collected 988 | 210 213 . 141 424 Remotely . | . . . . . Salvage Created 918 | 175 167 . 40 536 Parts 63 | 13 11 . 2 37 Haulers Intercepted . | . . . . . Recyclers Shooed 3 | 1 . . . 2 Parts Field Recycled . | . . . . . Retrieved Matter . | . . . . . Parts Self-Destructed . | . . . . . Prevented . | . . . . . Kills | -11 -10 -10 -8 -7 ------- Run | Yrd Mat Sub Mat Fac Combat Hostiles Destroyed 17 | . 9 . 1 7 Guns 10 | . 6 . . 4 Cannons 5 | . 3 . 1 1 AOE 2 | . . . . 2 Classes Destroyed 11 | 2 2 . 1 6 Worker 2 | . . . . 2 Builder 3 | . . . . 3 Tunneler 5 | 4 . . . 1 Recycler 5 | 1 1 . . 3 Watcher 2 | . 2 . . . Swarmer 9 | . 9 . . . Cutter 2 | . . . . 2 Grunt 1 | . . . 1 . Sentry 3 | . . . . 3 Hunter 1 | . . . . 1 Programmer 1 | . . . . 1 Best Kill Streak 6 | 3 3 . 1 6 Combat Bots Only 3 | . 3 . 1 2 Max Kills in Single Turn 6 | 1 1 . 1 6 Gunslinging . | . . . . . Exploded 2 | . . . . 2 Melee . | . . . . . Uniques/NPCs Destroyed . | . . . . . Combat | -11 -10 -10 -8 -7 -------- Run | Yrd Mat Sub Mat Fac Hostile Shots Fired 442 | . 43 . 4 395 Missed 208 | . 14 . 1 193 Hits 234 | . 29 . 3 202 Melee 2 | . . . . 2 Projectile 232 | . 29 . 3 200 AOE 2 | . . . . 2 Critical Strikes 9 | . 1 . . 8 Damage Taken 2558 | . 223 . 52 2283 Core 763 | . 52 . . 711 Absorbed by Shields . | . . . . . Regen/Repaired (Parts) 26 | . 26 . . . Core Remaining (%) 93 | 100 . 79 100 . Volleys Fired 68 | 10 24 . 5 29 Largest 3 | 2 2 . 2 3 Hottest 100 | 100 100 . 66 91 Shots Fired 163 | 20 48 . 10 85 Gun 118 | 20 26 . . 72 Cannon 44 | . 22 . 10 12 Launcher 1 | . . . . 1 Special . | . . . . . Kinetic 116 | . 22 . 10 84 Thermal 46 | 20 26 . . . Explosive 1 | . . . . 1 Electromagnetic . | . . . . . Robot Hit Streak 10 | 6 10 . 8 9 Robot Miss Streak 4 | 4 2 . 1 3 Penetration Max . | . . . . . Secondary Targets . | . . . . . Shots Hit Robots 96 | 11 26 . 8 51 Core Hits 51 | 6 11 . 4 30 Critical Kills . | . . . . . Critical Parts Destroyed . | . . . . . Critical Strikes 3 | 1 2 . . . Burn 1 | 1 . . . . Blast 2 | . 2 . . . Melee Attacks 2 | . 2 . . . Impact 2 | . 2 . . . Slashing . | . . . . . Piercing . | . . . . . Sneak Attacks . | . . . . . Combat Hostiles . | . . . . . Follow-up Attacks . | . . . . . Damage Inflicted 2068 | 150 456 . 163 1299 Guns 1013 | 150 163 . . 700 Cannons 610 | . 278 . 145 187 Explosions 398 | . . . . 398 Melee . | . . . . . Ramming 47 | . 15 . 18 14 Kinetic 1310 | . 278 . 145 887 Thermal 313 | 150 163 . . . Explosive 398 | . . . . 398 Electromagnetic . | . . . . . Impact . | . . . . . Slashing . | . . . . . Piercing . | . . . . . Highest Corruption 5 | . . . . 5 Average Corruption 3 | . . . . 3 Corruption Purged . | . . . . . Corruption Blocked . | . . . . . Effects 2 | . . . . 2 Message Errors 1 | . . . . 1 Data Loss (minor) 1 | . . . . 1 Overload Shots . | . . . . . Overflow Damage 8 | . 7 . . 1 Projectiles 7 | . 7 . . . Explosions 1 | . . . . 1 Melee . | . . . . . Knockbacks 10 | . 7 . 2 1 Impact 1 | . 1 . . . Kinetic 7 | . 4 . 2 1 Secondary 2 | . 2 . . . Self-Inflicted Damage 44 | . . . . 44 Shots 1 | . . . . 1 Rammed 5 | . . . . 5 Targets Rammed 11 | . 2 . 2 7 Kicked 6 | . 2 . 2 2 Crushed . | . . . . . Highest Temperature 159 | 117 159 . . 8 Average Temperature 51 | 54 53 . . 4 Received Heat Transfer 576 | . . . 27 549 Siege Activations . | . . . . . Martial Activations . | . . . . . Shielding Activations . | . . . . . Robots Disrupted . | . . . . . Combat Hostiles . | . . . . . Robots Corrupted . | . . . . . Combat Hostiles . | . . . . . Parts Fried . | . . . . . Impact Corruptions 1 | . 1 . . . Robots Melted . | . . . . . Combat Hostiles . | . . . . . Parts Melted 1 | 1 . . . . Heat Transferred 999 | 518 481 . . . Parts Sabotaged . | . . . . . Parts Stolen . | . . . . . Parts Stripped . | . . . . . Power Chain Reactions . | . . . . . Alert | -11 -10 -10 -8 -7 ------- Run | Yrd Mat Sub Mat Fac Maximum Alert Level 1 | . . . . 1 Low Security (%) 98 | 100 100 . 100 96 Level 1 1 | . . . . 3 Level 2 . | . . . . . Level 3 . | . . . . . Level 4 . | . . . . . Level 5 . | . . . . . High Security . | . . . . . Max Security . | . . . . . Peak Influence 218 | 15 115 . 21 218 Initial 9 | . 3 . 9 . Average 27 | 3 34 . 2 31 Influence Increases 858 | 25 302 . 46 485 Destroy 0b10 Robot/C 340 | . 180 . 20 140 Destroy 0b10 Robot/NC 85 | 25 15 . . 45 Destroy Leader 94 | . 34 . . 60 Successful Hack 33 | . 10 . 9 14 Disable Machine 30 | . 15 . 15 . Destroy Structure 6 | . 3 . 2 1 Lose Combat Pursuer 270 | . 45 . . 225 Influence Decreases 652 | 20 252 37 64 279 Entered New Map 38 | . 2 27 9 . Time Decay 516 | 20 240 10 55 191 Lost Part 98 | . 10 . . 88 Squads Dispatched 18 | . . . 2 16 Investigation 2 | . . . . 2 Extermination 3 | . . . . 3 Reinforcement 6 | . . . 2 4 Assault . | . . . . . Garrison 7 | . . . . 7 Intercept . | . . . . . Searches Triggered . | . . . . . Construction Impeded 1 | . . . . 1 Haulers Reinforced . | . . . . . Active Scanning Responses . | . . . . . Cargo Convoy Interrupts . | . . . . . Stealth | -11 -10 -10 -8 -7 --------- Run | Yrd Mat Sub Mat Fac Distress Signals 5 | . 2 . . 3 Communications Jammed . | . . . . . Distress Signals . | . . . . . Times Spotted 60 | . 19 . 6 35 Peak Tracking Total 8 | . 4 . 3 8 Tactical Retreats 9 | . 2 . . 7 Traps | -11 -10 -10 -8 -7 ------- Run | Yrd Mat Sub Mat Fac Traps Triggered 4 | . 1 . . 3 Indirectly . | . . . . . Trap Hack Attempts . | . . . . . Triggered . | . . . . . Disarmed . | . . . . . Reprogrammed . | . . . . . Reused . | . . . . . Traps Extracted . | . . . . . Installed . | . . . . . Triggered . | . . . . . Machines | -11 -10 -10 -8 -7 ---------- Run | Yrd Mat Sub Mat Fac Machines Disabled 2 | . 1 . 1 . Max in Single Turn 1 | . 1 . 1 . Machines Repaired . | . . . . . Machines Dismantled . | . . . . . Machines Sabotaged . | . . . . . Overloaded Fab Kills . | . . . . . Hacking | -11 -10 -10 -8 -7 --------- Run | Yrd Mat Sub Mat Fac Machines Accessed 14 | . 7 . 4 3 Terminals 12 | . 6 . 4 2 Fabricators . | . . . . . Repair Stations 1 | . 1 . . . Recycling Units . | . . . . . Scanalyzers . | . . . . . Garrison Access 1 | . . . . 1 Total Hacks 34 | . 21 . 8 5 Successful 16 | . 10 . 5 1 Failed 18 | . 11 . 3 4 Catastrophic 3 | . 2 . . 1 Database Lockouts . | . . . . . Manual 21 | . 13 . 7 1 Terminals 30 | . 19 . 8 3 Fabricators . | . . . . . Repair Stations 2 | . 2 . . . Recycling Units . | . . . . . Scanalyzers . | . . . . . Garrison Access 2 | . . . . 2 Terminal Hacks 9 | . 5 . 3 1 Robot Analysis 2 | . 2 . . . Prototype ID Bank 2 | . 1 . . 1 Terminal Index 1 | . 1 . . . Locate Traps 4 | . 1 . 3 . Fabricator Hacks . | . . . . . Repair Station Hacks 2 | . 2 . . . Scan Component 1 | . 1 . . . Repair 1 | . 1 . . . Recycling Unit Hacks . | . . . . . Scanalyzer . | . . . . . Garrison Access Hacks . | . . . . . Unauthorized Hacks 5 | . 3 . 2 . Terminals 5 | . 3 . 2 . Botnet 5 | . 3 . 2 . Fabricators . | . . . . . Repair Stations . | . . . . . Recycling Units . | . . . . . Scanalyzers . | . . . . . Garrison Access . | . . . . . Data Cores Recovered . | . . . . . Used . | . . . . . Hacking Detections 13 | . 7 . 3 3 Full Trace Events 1 | . . . . 1 Feedback Events . | . . . . . Feedback Blocked . | . . . . . Robot Schematics Acquired . | . . . . . Robots Built . | . . . . . Authchips . | . . . . . Time . | . . . . . Total Robot Build Rating . | . . . . . Part Schematics Acquired . | . . . . . Parts Built . | . . . . . Authchips . | . . . . . Time . | . . . . . Total Part Build Rating . | . . . . . Parts Repaired 1 | . 1 . . . Time 26 | . 26 . . . Parts Recycled . | . . . . . Recycled Matter . | . . . . . Retrieved Matter . | . . . . . Retrieved Components . | . . . . . Parts Scanalyzed . | . . . . . Part Schematics Acquired . | . . . . . Parts Damaged . | . . . . . Bothacking | -11 -10 -10 -8 -7 ------------ Run | Yrd Mat Sub Mat Fac Used RIF Installer . | . . . . . Robots Hacked . | . . . . . Non-combat . | . . . . . Combat . | . . . . . Robot Hacks Applied . | . . . . . Relay Couplers Released . | . . . . . Fabnet Peak Effective % . | . . . . . Robots Rewired . | . . . . . Allies Hacked . | . . . . . Hacks Repelled . | . . . . . Allies | -11 -10 -10 -8 -7 -------- Run | Yrd Mat Sub Mat Fac Total Allies . | . . . . . Largest Group . | . . . . . Highest-Rated Group . | . . . . . Highest-Rated Ally . | . . . . . Total Orders . | . . . . . Ally Attacks . | . . . . . Total Damage . | . . . . . Kills . | . . . . . Allies Corrupted . | . . . . . Allies Melted . | . . . . . Intel | -11 -10 -10 -8 -7 ------- Run | Yrd Mat Sub Mat Fac Active Infowar (turns) 2035 | 16 918 24 333 744 Seismic 2035 | 16 918 24 333 744 Robot Analysis Total 2 | . 2 . . . Derelict Logs Recovered 1 | . . 1 . . Drone Launches . | . . . . . Drone Recoveries . | . . . . . Exploration | -11 -10 -10 -8 -7 ------------- Run | Yrd Mat Sub Mat Fac Turns Passed 2374 | 98 918 24 333 1001 Spaces Moved 1679 | 49 485 21 245 879 Core 330 | . . . . 330 Treads . | . . . . . Legs 1349 | 49 485 21 245 549 Wheels . | . . . . . Hover . | . . . . . Flight . | . . . . . Fastest Speed 50 | 120 120 120 120 50 Average Speed 117 | 120 153 120 120 95 Slowest Speed 190 | 120 190 120 120 190 Overloaded Moves . | . . . . . Propulsion Burnouts . | . . . . . Robots Hopped . | . . . . . Potential Cave-ins . | . . . . . Cave-ins Triggered . | . . . . . Exploration Rate (%) 26 | 4 66 2 28 32 Regions Visited 4 Branch Regions 1 Pre-discovered Areas . | . . . . . Known Exits Taken . | . . . . . Unknown Exits Taken 4 | 1 1 1 1 . Scrap Searched . | . . . . . Spaces Dug 1 | . 1 . . . Terrain Destroyed 2 | . 1 . 1 . Melee 1 | . 1 . . . Projectile 1 | . . . 1 . AOE . | . . . . . Terrain Rammed . | . . . . . Walls Destroyed . | . . . . . Machines Disabled . | . . . . . Actions | -11 -10 -10 -8 -7 --------- Run | Yrd Mat Sub Mat Fac Total 1952 | 68 606 20 271 987 Wait 114 | 7 61 . 2 44 Move 1675 | 48 484 20 244 879 Hop . | . . . . . Pick Up 20 | 1 10 . 4 5 Fast Attach 14 | 1 5 . 2 6 Attach 10 | . 1 . 3 6 Detach 3 | . 1 . 1 1 Swap 15 | . 7 . 6 2 Drop 20 | 1 9 . 2 8 Fire 68 | 10 24 . 5 29 Melee 2 | . 2 . . . Ram 5 | . . . . 5 Kick 6 | . 2 . 2 2 Crush . | . . . . . Escape Stasis . | . . . . . Rewire . | . . . . . Trap . | . . . . . Miscellaneous . | . . . . . Route ------- -11/Scrapyard -10/Materials (discovered 3 exits: [*Mat] / [*Min] / [*Sub]) -10/Subcaves -8/Materials -7/Factory History --------- Turn | Location | Event 1 | -11/Scrapyard | Discovered new exit (range 3) 99 | -11/Scrapyard | Entered Materials 167 | -10/Materials | Discovered new exit (range 16) 263 | -10/Materials | Discovered new exit (range 13) 301 | -10/Materials | Build established: Mutant 356 | -10/Materials | Repaired Aluminum Leg 724 | -10/Materials | Discovered new exit (range 15) 799 | -10/Materials | Derelicts attacked the area 1017 | -10/Materials | Entered Subcaves 1018 | -10/Subcaves | Approached by a straggling Scientist 1022 | -10/Subcaves | Learned 2 Materials zone layouts 1026 | -10/Subcaves | Discovered new exit (range 11) 1041 | -10/Subcaves | Entered Materials 1041 | -8/Materials | Evolved 4 slots: Propulsion x2, Utility x2 1144 | -8/Materials | Met 7R-MNS 1354 | -8/Materials | Discovered new exit (range 14) 1374 | -8/Materials | Entered Factory 1374 | -7/Factory | Evolved 2 slots: Propulsion x1, Weapon x1 1375 | -7/Factory | Caught up to 7R-MNS 1817 | -7/Factory | Build established: Scavenger-Tank 1877 | -7/Factory | Garrison activated, responded to threat 2156 | -7/Factory | Lost 4 parts (2n2u) 2221 | -7/Factory | Lost 9 parts (5n1u3w) 2253 | -7/Factory | Core integrity fell below 50% 2276 | -7/Factory | Garrison activated, responded to threat 2292 | -7/Factory | Core integrity fell below 20% 2375 | -7/Factory | Destroyed by P-60 Hacker with Shock Rifle Last Messages --------------- 02277_ Y-54 Guardian emerges from the garrison. 02277_ K-01 Serf collects debris. 02277_ ALERT: Construction progress impeded, dispatching reinforcements to local area. 02278_ K-01 Serf collects debris. 02278_ Hvy. Rocket Launcher destroyed. 02279_ K-01 Serf collects debris. 02280_ U-05 Engineer lays Concrete. 02282_ K-01 Serf collects debris. 02290_ Critical hit (Burn: +37). 02298_ R-06 Scavenger collects Mace. 02299_ P-60 Hacker resets G-47 Trooper, system corruption cleaned. 02315_ K-01 Serf cleans the Fusion Modulator. 02332_ System corrupted: Component data lost. 02333_ ALERT: Potential suspicious activity detected, Programmers report to Factory Zone 4L. 02337_ K-01 Serf cleans the Terminal. Map ----- +----------------------------------------------------+ | # ?# #????????????????? | | # ?# #????????????????? | | # # #?##############?? | | # # ### #?? | | # + " + #?? | | # # ### #?? | | # # #?# #?? | | # ?# #?# % #?? | | # ?# #?# = #?? | | # ??### ###?# [ #?? | | # ! ????# #???# #?? | | ?#########?????# #???# = #?? | | ???????????????# #???# #?? | | ???????????????# #???# #?? | | ??????#######??# #???# #?? | | ??????# ?# #???#######+######?? | | ??????# ?# #??????????????????? | | ??????# [ = # #######????????????? | | ??????# # #"""T"""# ????????? | | ??????# + # "" """# ???????? | | ??????# # ???????? | | ??????# # ?????? | | ??????# ?# """* #????? | | ??????# ?# "R = #????? | | ??????#######??# ![ ! #????? | | ???????????????#@ [ * #????? | | ???????????????# #????? | | ???????????????# #????? | | ???????????????# #????? | | ???????????????#[ #????? | | ??????????###### t #????? | | ??????? % [ #????? | | ?????? % p #????? | | ?????? """ +????? | | ??????????""" w #????? | | ??????????"""" #????? | | ???????????""" / ###### | | ????????????"" / | | ????????????"" | | ????????????"" | | ???????????? | | ??????????? | | ???????????#############+##### | | ???????????????????????????#"" | | ???????????????????????????#"F == | | ???????????????????????????#"" ""T"" =! | | ???????????????????????????#"" """"" | | ???????????????????????????### | | ?????????????????????????????# | | ?????????????????????????????### # T# | +----------------------------------------------------+ Best States ------------- Heat Dissipation 56 Energy Generation 15 Energy Capacity 275 Matter Stores 300 Matter Capacity 300 Sight Range 16 Terrain Scan Density 10 Armor Coverage 150 Evasion (%) 55 Recoil Reduction 1 Item Schematics ----------------- None Robot Schematics ------------------ None Fabricated ------------ Nothing Repaired ---------- Aluminum Leg | 71% | -10/Materials Alien Tech Used ----------------- None Achievements -------------- None Challenges ------------ None Game ------ Seed CoolantContainmentGun Manual? 0 Play Time 00:24:00 Cumulative 29.1 hours Start 2025.10.18 @ 08:35:16 End 2025.10.18 @ 08:56:22 Sessions 1 Manual Loads 0 Difficulty Rogue Special Mode None Game No. 45 Rogue 45 Adventurer 0 Explorer 0 Win Type - Total 1 Types 1/0/0/0/0/0/0/0/0/0 Lore% 30 Gallery% 34 Achievement% 34 Wizard Run 0 Options --------- Layout 2 ASCII 0 Keyboard 0 Movement Numpad Keybinds 0 Fullscreen 2 Font 24/Smallcaps Map View 50x44 Zoom Use 0% Tactical HUD 1 Map Filters NONE Filters NONE Steam 1 RUN: bd9c1012-ca6b-417c-a526-40e63b92cf52